 Dungeon Crawl Stone Soup version 0.30.1-9-gdf580d7c3d (webtiles) character file.

Game seed: 17818600040148738904

291 xdfoamboi the Shooter (level 6, -24/47 HPs)
             Began as a Formicid Hunter on Sept 29, 2023.
             Was an Initiate of Ashenzari.
             Killed by an exploding mummy (28 damage)
             ... ignited by their inner flame
             ... in an ossuary.
             The game lasted 00:10:31 (1671 turns).

xdfoamboi the Shooter (Formicid Hunter)             Turns: 1671, Time: 00:10:31

Health: -24/47     AC: 10    Str: 16    XL:     6   Next: 58%
Magic:  6/6        EV: 12    Int: 10    God:    Ashenzari [......]
Gold:   85         SH:  0    Dex: 23    Spells: 5/5 levels left

rFire   . . .        n - +2 dagger (flame)
rCold   . . .        (no shield)
rNeg    . . .        k - +1 ring mail
rPois   .            (helmet unavailable)
rElec   .            (no cloak)
rCorr   .            (no gloves)
SInv    +            (no boots)
Will    .....        o - amulet "Xuiqas" {RegenMP Int+2}
Stlth   ++           h - +4 ring of protection
HPRegen 0.27/turn    f - ring of the Magpie {Dex+4 SInv}
MPRegen 0.50/turn

%: no passive effects
@: no status effects
A: permanent stasis, dig shafts and tunnels, antennae 3, four strong arms
a: Dig, Renounce Religion


You were in an ossuary.
You worshipped Ashenzari.
Ashenzari was noncommittal.
You visited 1 branch of the dungeon, and saw 6 of its levels.
You also visited: Ossuary.

You collected 85 gold pieces.

Inventory:

Hand Weapons
 a - a +0 shortbow
 n - a +2 dagger of flaming (weapon)
Missiles
 g - 2 boomerangs
Armour
 c - a +0 leather armour
 k - a +1 ring mail (worn)
Jewellery
 f - the ring of the Magpie (right hand) {Dex+4 SInv}
   (You found it on level 2 of the Dungeon)

   [ring of see invisible]

   Dex:       It affects your dexterity (+4).
   SInv:      It lets you see invisible.
 h - a +4 ring of protection (left hand)
 o - the amulet "Xuiqas" (around neck) {RegenMP Int+2}
   (You found it on level 2 of the Dungeon)

   [amulet of magic regeneration]

   It increases your rate of magic regeneration.
   Int:       It affects your intelligence (+2).
Scrolls
 d - a scroll of torment
 t - 2 scrolls of identify
 x - a scroll of blinking {unknown}
 y - a scroll of vulnerability {unknown}
 B - a scroll of enchant weapon {unknown}
Potions
 e - a potion of lignification
 i - a potion of magic
 j - a potion of might
 l - a potion of haste {unknown}
 p - 2 potions of attraction {unknown}
 r - a potion of heal wounds {unknown}
 u - 2 potions of curing {unknown}
 v - a potion of degeneration {unknown}
 w - a potion of ambrosia {unknown}
 z - a potion of flight {unknown}
 A - a potion of cancellation {unknown}


   Skills:
 + Level 3.2 Fighting
 + Level 0.3 Short Blades
 + Level 6.3 Ranged Weapons
 + Level 1.1 Armour
 + Level 2.9 Dodging
 + Level 1.3 Stealth


You had 5 spell levels left.
You didn't know any spells.
Your spell library was empty.

Dungeon Overview and Level Annotations

Branches:
Dungeon (6/15)            Ossuary (1/1)
 Temple: D:4-7

Altars:
Ashenzari


Innate Abilities, Weirdness & Mutations

You cannot be hasted, slowed, berserked, paralysed or teleported.
You can dig through walls and to a lower floor.
You have a pair of large antennae on your head. (SInv)
Your four strong arms can wield two-handed weapons with a shield.


Message History

You hit the mummy but do no damage. You hit the mummy. You burn the mummy.
The mummy is moderately damaged.
The mummy barely misses you. The mummy closely misses you.
You completely miss the mummy.
The mummy is moderately damaged.
The mummy barely misses you.
You barely miss the mummy.
The mummy is moderately damaged.
The mummy hits you!
You hit the mummy but do no damage.
The mummy is moderately damaged.
A mummy comes into view.
The mummy hits you. The mummy completely misses you.
You hit the mummy. You burn the mummy.
The mummy is heavily damaged.
You hit the mummy. You burn the mummy.
The mummy is severely damaged.
The mummy closely misses you. The mummy hits you!
* * * LOW HITPOINT WARNING * * *
You hit the mummy. You burn the mummy.
You destroy the mummy!
Really read the scroll of immolation?
As you read the scroll of immolation, it crumbles to dust.
The creatures around you are filled with an inner flame!
The mummy closely misses you.
You open the door.
A mummy comes into view.
The mummy hits you but does no damage.
There is an open door here.
A kobold skeleton comes into view.
A mummy comes into view.
You hit the mummy.
Flame seeps out of the mummy.
You burn the mummy.
Flame seeps out of the mummy.
The mummy is moderately damaged.
The mummy is engulfed in blazing flames.
The mummy explodes!
The fiery explosion engulfs the mummy!!!
The mummy is burned terribly!
The fiery explosion engulfs you!!
Ouch! That really hurt!
You die...

*##...###.### **###.#
*{##+## ### ##+{##'##
**+,{* #####!###...###
**,,+#***##..'....'...'!#
**{,*#.#*,#..#######...###
*,,***#.#+#.## ##+## **+**
*#.##'## *,*
*,,,*#####'.M.##### ***
,,,,,+...'....§○@.#*
*,,,*##!###...###..#*
**+** #** ##+## ##.M#****
*,* *** *#..Z+,* ***
*####**


You could see 2 mummies and a kobold skeleton.

Vanquished Creatures
  A kobold brigand (D:5)
  Jessica (D:2)
  9 mummies (Ossuary)
  3 adders
  A worm (D:5)
  A dart slug (D:2)
  4 orcs
  4 ball pythons
  4 endoplasms
  A goblin (D:1)
  3 hobgoblins
  7 jackals
  4 quokkas
  6 bats
  A frilled lizard (D:2)
  A gnoll skeleton (Ossuary)
  2 goblin skeletons (Ossuary)
  8 kobolds
  2 orc skeletons (Ossuary)
  20 rats (D:2)
  11 rat skeletons (Ossuary)
94 creatures vanquished.

Notes
Turn   | Place    | Note
-------+----------+-------------------------------------------
     0 | D:1      | xdfoamboi the Formicid Hunter began the quest for the Orb.
     0 | D:1      | Reached XP level 1. HP: 16/16 MP: 1/1
   271 | D:1      | Reached XP level 2. HP: 22/22 MP: 2/2
   621 | D:2      | Reached XP level 3. HP: 27/28 MP: 3/3
   628 | D:2      | Identified the ring of the Magpie {Dex+4 SInv}
   634 | D:2      | Identified the amulet "Xuiqas" {RegenMP Int+2}
   769 | D:2      | Noticed Jessica
   789 | D:2      | Killed Jessica
   790 | D:2      | Reached skill level 5 in Ranged Weapons
   790 | D:2      | Reached XP level 4. HP: 16/34 MP: 4/4
   997 | D:2      | Reached XP level 5. HP: 33/39 MP: 5/5
  1188 | D:5      | Entered Level 5 of the Dungeon
  1258 | D:5      | Noticed a kobold brigand
  1264 | D:5      | Killed a kobold brigand
  1265 | D:5      | Reached skill level 1 in Armour
  1265 | D:5      | Reached XP level 6. HP: 41/46 MP: 6/6
  1305 | D:6      | Found a broken altar of Ashenzari.
  1321 | D:6      | Became a worshipper of Ashenzari the Shackled
  1334 | D:6      | Found a sand-covered staircase.
  1344 | Ossuary  | Entered an ossuary
  1365 | Ossuary  | Reached skill level 6 in Ranged Weapons
  1660 | Ossuary  | HP: 1/47 [mummy (15)]
  1671 | Ossuary  | Killed by an exploding mummy... ignited by their inner
                  | flame

Illustrated notes

Levels and vault maps discovered:
D:1:      tarquinn_simple_flora_water_d, layout_basic
D:2:      minmay_chambers_of_ones, layout_rooms, minmay_rat_hole, uniq_jessica,
          uniq_crazy_yiuf_cottage
D:3:      layout_basic, shapermc_ecumenical_altar_rom_forum,
          minmay_misc_feat_encased
D:4:      layout_rooms, serial_shops, shop
D:5:      layout_basic, lemuel_coloured_pillars_altar, kennysheep_crisscross,
          minivault_23, minmay_increasing_density
D:6:      layout_basic, evilmike_ruin_ashenzari, grunt_temple_overflow_diamond,
          minmay_temple_entry_from_below_b, nicolae_ossuary_entry_monument
Ossuary:  ossuary_due_small_catacomb

Skill      XL: |  1  2  3  4  5  6 |
---------------+-------------------+-----
Dodging        | 2 |  2.9
Ranged Weapons | 5 6 |  6.3
Armour         | 1 |  1.1
Fighting       | 3 |  3.2
Short Blades   | |  0.3
Stealth        | |  1.3

Action                     |  1- 3 |  4- 6 || total
---------------------------+-------+-------++-------
  Melee: Dagger            |    31 |    45 ||    76
   Fire: Shortbow          |    54 |   113 ||   167
Ability: Dig               |     1 |       ||     1
    Use: Scroll            |       |     8 ||     8
 Armour: Ring mail         |    42 |    45 ||    87
         Leather armour    |     2 |       ||     2
  Dodge: Dodged            |    55 |    75 ||   130
